 Dungeon Crawl Stone Soup version 0.25-a0-589-g1e14c549ee (webtiles) character file.

Game seed: 9925644555234491827, levelgen mode: deterministic

149 EriolAelfwine the Chopper (level 5, -5/47 HPs)
             Began as a Minotaur Berserker on Mar 10, 2020.
             Was a Believer of Trog.
             Engulfed by a cloud of negative energy (20 damage)
             ... on level 3 of the Dungeon.
             The game lasted 00:04:45 (1636 turns).

EriolAelfwine the Chopper (Minotaur Berserker)      Turns: 1636, Time: 00:04:46

Health: -5/47      AC: 11    Str: 22    XL:     5   Next: 9%
Magic:  4/4        EV:  8    Int:  4    God:    Trog [**....]
Gold:   106        SH:  0    Dex: 10    Spells: 4/4 levels left

rFire    . . .     SeeInvis .   a - +0 hand axe
rCold    . . .     Gourm    .   (no shield)
rNeg     . . .     Faith    .   j - +0 chain mail
rPois    .         Spirit   .   (helmet restricted)
rElec    .         Reflect  .   r - +0 cloak
rCorr    .         Harm     .   n - +0 pair of gloves
MR       .....                  (no boots)
Stlth    ..........             (no amulet)
HPRegen  0.15/turn              (no ring)
MPRegen  0.09/turn              (no ring)

@: confused, lightly drained
A: retaliatory headbutt, horns 2
a: Berserk, Trog's Hand, Renounce Religion


You were on level 3 of the Dungeon.
You worshipped Trog.
Trog was pleased with you.
You were not hungry.

You visited 1 branch of the dungeon, and saw 3 of its levels.

You collected 106 gold pieces.

Inventory:

Hand Weapons
 a - a +0 hand axe (weapon)
Missiles
 m - 14 poisoned darts (quivered)
Armour
 j - a +0 chain mail (worn)
 n - a +0 pair of gloves (worn)
 r - a +0 cloak (worn)
Wands
 i - a wand of random effects (16)
Scrolls
 d - 2 scrolls of identify {unknown}
 e - a scroll of enchant weapon {unknown}
 l - a scroll of fog {unknown}
 o - a scroll of teleportation {unknown}
 p - a scroll of blinking {unknown}
Potions
 b - 2 potions of mutation {unknown}
 f - a potion of degeneration {unknown}
 g - a potion of invisibility {unknown}
 h - a potion of curing {unknown}
 k - a potion of might {unknown}
 q - a potion of heal wounds {unknown}
Comestibles
 c - 6 rations
 s - 2 chunks of flesh


   Skills:
 + Level 4.6(4.3) Fighting
 * Level 6.0(5.7) Axes
 + Level 3.3(3.0) Armour
 - Level 2.1(1.9) Dodging


You had 4 spell levels left.
You didn't know any spells.
Your spell library was empty.

Dungeon Overview and Level Annotations

Branches:
Dungeon (3/15)

Altars:
Nemelex Xobeh
Uskayaw
The Shining One


Innate Abilities, Weirdness & Mutations

You reflexively headbutt those who attack you in melee.
You have a pair of horns on your head.


Message History

The orc wizard flickers and vanishes!
Deactivating autopickup; reactivate with Ctrl-A.
Ijyb is engulfed in noxious fumes.
Ijyb appears confused.
An orc wizard comes into view. It is wielding a +0 dagger.
You bump into the rock wall.
You are engulfed in noxious fumes.
You choke on the stench!
You are more confused.
The orc wizard shouts!
You bump into the rock wall.
You are engulfed in noxious fumes.
You choke on the stench!
You are more confused.
Ijyb is engulfed in freezing vapours.
Ijyb dies!
Your base Axes skill increases to level 6!
You have reached level 5!
You bump into the rock wall.
You are engulfed in noxious fumes.
You choke on the stench!
You are more confused.
You are engulfed in negative energy.
You feel drained.
You die...

# #. #o###
#o{○#
###§# #§#
#@# #.#
#.# #.#
#.########
#.##<....#
#.##.###.#
#....#
####.#


There were no monsters in sight!

Vanquished Creatures
  Crazy Yiuf (D:2)
  2 worker ants (D:2)
  A worm (D:2)
  A dart slug (D:1)
  2 leopard geckos (D:1)
  An orc (D:3)
  2 goblins (D:1)
  5 hobgoblins
  6 jackals
  5 kobolds
  2 quokkas (D:2)
  A ball python (D:1)
  8 bats
  2 frilled lizards (D:2)
  10 rats
49 creatures vanquished.

Vanquished Creatures (others)
  Ijyb (D:3)
1 creature vanquished.

Grand Total: 50 creatures vanquished

Notes
Turn   | Place    | Note
-------+----------+-------------------------------------------
     0 | D:1      | EriolAelfwine the Minotaur Berserker began the quest for
                  | the Orb.
     0 | D:1      | Reached XP level 1. HP: 19/19 MP: 0/0
   110 | D:1      | Reached skill level 4 in Axes
   122 | D:1      | Reached XP level 2. HP: 14/27 MP: 1/1
   694 | D:1      | Reached ** piety under Trog
   712 | D:1      | Reached XP level 3. HP: 32/33 MP: 2/2
   801 | D:2      | Reached skill level 5 in Axes
   996 | D:2      | Reached XP level 4. HP: 37/40 MP: 3/3
  1271 | D:2      | Found a runed translucent door.
  1272 | D:2      | Noticed Crazy Yiuf
  1456 | D:2      | Found a sparkling altar of Nemelex Xobeh.
  1463 | D:2      | Found a hide-covered altar of Uskayaw.
  1477 | D:2      | Found a glowing golden altar of the Shining One.
  1549 | D:2      | Killed Crazy Yiuf
  1619 | D:3      | Noticed Ijyb
  1634 | D:3      | Killed Ijyb
  1634 | D:3      | Reached skill level 6 in Axes
  1634 | D:3      | Reached XP level 5. HP: 15/47 MP: 4/4
  1636 | D:3      | Engulfed by a cloud of negative energy

Levels and vault maps discovered:
D:1:      wander_arrival_fairy_ring, layout_rooms, kennysheep_crisscross
D:2:      layout_basic, grunt_temple_overflow_diamond, first_ration,
          minmay_tetromino_l2, uniq_crazy_yiuf_cottage
D:3:      layout_loops_ring, uniq_ijyb, uniq_jessica

Skill      XL: |  1  2  3  4 |
---------------+-------------+-----
Axes           | 4 5 6 |  6.0
Fighting       | 4 |  4.6
Armour         | 3 |  3.3
Dodging        | |  2.1

Action                   |  1- 3 |  4- 6 || total
-------------------------+-------+-------++-------
Melee: Hand axe          |    88 |    31 ||   119
       Headbutt          |    13 |     5 ||    18
Invok: Berserk           |     1 |     1 ||     2
       Trog's Hand       |       |     1 ||     1
  Eat: Chunk             |     1 |     4 ||     5
Armor: Ring mail         |    35 |       ||    35
       Animal skin       |     1 |       ||     1
       Chain mail        |     9 |    10 ||    19
Dodge: Dodged            |    54 |    18 ||    72

Table legend:
 A = Non-vault XP
 B = Vault XP
 C = Vault XP percentage of total XP
 D = Non-vault monster count
 E = Vault monster count
 F = Vault count percentage of total count
                 A         B        C        D         E       F
            +---------+---------+-------+---------+---------+-------
      Total |     144 |      70 |  32.7 |      46 |       4 |   8.0
            +---------+---------+-------+---------+---------+-------
        D:1 |      41 |       0 |   0.0 |      25 |       0 |   0.0
        D:2 |     100 |      47 |  32.0 |      20 |       3 |  13.0
        D:3 |       3 |      23 |  88.5 |       1 |       1 |  50.0
            +---------+---------+-------+---------+---------+-------
